 Dungeon Crawl Stone Soup version 0.28-a0-984-g3775c662fe (webtiles) character file.

Game seed: 16954097267455425091

3818 vurker the Thaumaturge (level 9, 43/43 HPs)
             Began as a Felid Air Elementalist on Dec 3, 2021.
             Was a Priest of Sif Muna.
             Quit the game on level 12 of the Dungeon.
             The game lasted 00:21:13 (15262 turns).

vurker the Thaumaturge (Felid Air Elementalist)    Turns: 15262, Time: 00:21:13

Health: 43/43      AC:  2    Str:  4    XL:     9   Next: 97%
Magic:  32/32      EV: 17    Int: 21    God:    Sif Muna [***...]
Gold:   777        SH:  0    Dex: 17    Spells: 11/27 levels left
                                        Lives:  0   Deaths: 2

rFire   . . .      SeeInvis +   (weapon unavailable)
rCold   . . .      Faith    .   (shield unavailable)
rNeg    . . .      Spirit   .   (armour unavailable)
rPois   .          Reflect  .   (helmet unavailable)
rElec   .          Harm     .   (cloak unavailable)
rCorr   .          Rampage  .   (gloves unavailable)
Will    +....                   (boots unavailable)
Stlth   ++........              h - amulet of magic regeneration
HPRegen 0.14/turn               k - ring of magical power
MPRegen 0.63/turn               (no ring)

@: quick
A: very small, claws 1, fangs 3, see invisible, speed 1, shaggy fur 2, stealthy
paws, no weapons or thrown items, no armour, multi-lived
a: Renounce Religion, Channel Magic, Forget Spell


You were on level 12 of the Dungeon.
You worshipped Sif Muna.
Sif Muna was most pleased with you.
You visited 2 branches of the dungeon, and saw 13 of its levels.

You collected 797 gold pieces.
You spent 20 gold pieces at shops.

Inventory:

Jewellery
 c - a ring of ice
   (You found it on level 1 of the Dungeon)
 h - an amulet of magic regeneration (around neck)
   (You found it on level 4 of the Dungeon)
 k - a ring of magical power (left paw)
   (You found it on level 4 of the Dungeon)
 q - a ring of fire
   (You found it on level 2 of the Dungeon)
Wands
 d - a wand of iceblast (9)
   (You found it on level 10 of the Dungeon)
 t - a wand of flame (32)
   (You took it off Pikel on level 5 of the Dungeon)
 u - a wand of paralysis (8)
   (You found it on level 9 of the Dungeon)
Scrolls
 a - 6 scrolls of identify
 b - 6 scrolls of magic mapping
 g - a scroll of amnesia
 l - 3 scrolls of teleportation
 o - a scroll of summoning
Potions
 e - 6 potions of mutation
 f - 2 potions of flight
 j - 5 potions of curing
 p - 3 potions of brilliance


   Skills:
 + Level 7.1 Fighting
 - Level 2.6 Dodging
 - Level 2.6 Stealth
 * Level 9.6 Spellcasting
 - Level 3.0 Conjurations
 * Level 7.1 Necromancy
 + Level 8.8 Air Magic
 - Level 3.0 Earth Magic
 + Level 5.9 Invocations


You had 11 spell levels left.
You knew the following spells:

 Your Spells              Type           Power      Damage    Failure   Level
a - Shock                 Conj/Air       100%       1d9       1%          1
b - Dispel Undead         Necr           40%        3d16      3%          4
c - Airstrike             Air            23%        N/A       1%          4
q - Sublimation of Blood  Necr           40%        N/A       1%          2
x - Borgnjor's Vile Clut  Necr/Erth      15%        N/A       24%         5

Your spell library contained the following spells:

 Spells                   Type           Power      Damage    Failure   Level
 Static Discharge         Conj/Air       34%        N/A       1%          2
 Swiftness                Air            47%        N/A       1%          3
 Inner Flame              Hex/Fire       10%        N/A       21%         3
 Cause Fear               Hex            5%         N/A       56%         4
 Blade Hands              Tmut           5%         N/A       88%         5
 Discord                  Hex            5%         N/A       100%        8
 Infestation              Necr           20%        N/A       100%        8
 Necromutation            Tmut/Necr      12%        N/A       100%        8
 Death's Door             Necr           20%        N/A       100%        9
 Excruciating Wounds      Necr           Unusable   N/A       N/A         5
 Portal Projectile        Hex/Tloc       Unusable   N/A       N/A         3

Dungeon Overview and Level Annotations

Branches:
Dungeon (12/15)            Temple (1/1) D:5             Orc (0/2) D:12
   Lair: D:8-11

Altars:
Ashenzari
Cheibriados
Dithmenos
Elyvilon
Fedhas
Gozag
Hepliaklqana
Kikubaaqudgha
Makhleb
Nemelex Xobeh
Okawaru
Qazlal
Ru
Sif Muna
Trog
Uskayaw
Vehumet
Wu Jian
Xom
Yredelemnul
Zin
The Shining One

Shops:
D:2 *   D:3 =   D:8 :=[[   D:10 [

Annotations:
D:3 2 transporters, oedwai's ghost, amateur DrWn


Innate Abilities, Weirdness & Mutations

You have sharp claws.
You have razor-sharp teeth.
You have supernaturally acute eyesight. (SInv)
You cover ground quickly. (Speed+)
You are covered in thick fur. (AC +2)
Your paws help you pounce on unaware monsters.
You are incapable of wielding weapons or throwing items.
You cannot wear armour.
You gain extra lives every three experience levels.


Message History

You open the door.
There is an open door here.
You open the door.
A centaur comes into view.
A centaur is nearby!
Aim: a centaur, quivering arrows (asleep, empty space bonus: 8/8)
The air twists around and strikes the centaur!
The centaur shouts!
The centaur wields a +0 shortbow.
The centaur shoots an arrow.
The arrow hits you!
Aim: a centaur, wielding a +0 shortbow and quivering arrows (severely wounded, empty space bonus: 8/8)
The air twists around and strikes the centaur!
You kill the centaur!
Sif Muna accepts your kill.
You can't see any susceptible monsters within range! (Use Z to cast anyway.)
You can't see any susceptible monsters within range! (Use Z to cast anyway.) As you close the door, it creaks loudly!
You open the door.
There is an open door here.
Things that are here:
a +0 shortbow; 13 arrows You open the door.
There is an open door here.
You open the door.
There is an open door here.
Found 18 arrows.
You open the door.
There is an open door here.
You see here 18 arrows.
A boulder beetle comes into view.
Aim: a boulder beetle (asleep, chance to affect: 48%)
The boulder beetle resists with some effort.
Aim: a boulder beetle (chance to affect: 48%)
The boulder beetle resists with some effort.
Aim: a boulder beetle (chance to affect: 48%)
The boulder beetle resists with some effort.
Aim: a boulder beetle (chance to affect: 48%)
The boulder beetle resists with some effort.
The boulder beetle curls into a ball and begins rolling!
Aim: a boulder beetle (rolling, chance to affect: 48%)
The boulder beetle's mind is blasted!
Aim: a boulder beetle (lightly wounded, rolling, chance to affect: 48%)
The boulder beetle's mind is blasted!
The now-empty wand crumbles to dust.
The boulder beetle hits you!!!
Ouch! That really hurt!
You die...
The boulder beetle stops rolling and uncurls.
You are now level 9!
You rejoin the land of the living...
Found a staircase to the Orcish Mines.

...#....
##..#...
#8.....
#.....#
+..>..#
#.....#
#8....#
#.@..#
######


There were no monsters in sight!

Vanquished Creatures
  A hydra (D:11)
  A boulder beetle (D:11)
  A two-headed ogre (D:10)
  Pikel (D:5)
  An orc knight (D:10)
  2 cyclopes (D:11)
  A deep elf pyromancer (D:11)
  An elephant (D:11)
  2 komodo dragons (D:11)
  2 trolls
  A meliai zombie (D:11)
  Sigmund (D:2)
  A vampire (D:11)
  8 yaks
  2 wyverns
  2 steam dragons (D:9)
  A vampire mosquito (D:11)
  A water moccasin (D:8)
  A black bear (D:11)
  6 orc warriors
  An ice beast (D:6)
  A sky beast (D:5)
  2 necrophages
  2 hornet zombies
  An ogre (D:4)
  A phantom (D:5)
  5 centaurs
  A lemure (D:5)
  2 kobold brigands (D:8)
  2 bullfrogs (D:7)
  A water moccasin skeleton (D:5)
  6 killer bees (D:10)
  An electric eel (D:8)
  2 jellies (D:5)
  5 howler monkeys
  4 centaur zombies
  Crazy Yiuf (D:2)
  5 hounds
  5 orc priests
  2 centaur skeletons
  A gnoll shaman (D:4)
  2 iguanas
  Natasha (thrice) (D:2)
  4 orc wizards
  A killer bee zombie (D:6)
  A hound zombie (D:5)
  A mummy (D:3)
  Robin (D:3)
  A howler monkey skeleton (D:6)
  A howler monkey zombie (D:9)
  7 gnolls (D:4)
  3 adders
  2 ufetubi
  An adder skeleton (D:4)
  A worm (D:2)
  2 dart slugs (D:1)
  45 orcs
  4 ball pythons
  2 bats
  3 endoplasms
  2 giant cockroaches
  13 goblins
  9 hobgoblins
  15 kobolds
  3 quokkas
  3 frilled lizards (D:3)
  6 rats
  3 rat zombies (D:7)
227 creatures vanquished.

Vanquished Creatures (others)
  2 fungi (D:11)
  4 plants (D:8)
6 creatures vanquished.

Grand Total: 233 creatures vanquished

Notes
Turn   | Place    | Note
-------+----------+-------------------------------------------
     0 | D:1      | vurker the Felid Air Elementalist began the quest for the
                  | Orb.
     0 | D:1      | Reached XP level 1. HP: 7/7 MP: 4/4
   106 | D:1      | Reached skill level 1 in Conjurations
   387 | D:1      | Reached XP level 2. HP: 12/12 MP: 4/6
  1423 | D:2      | Found a runed translucent door.
  1424 | D:2      | Noticed Crazy Yiuf
  1462 | D:2      | Noticed Natasha
  1468 | D:2      | Killed Natasha
  1469 | D:2      | Reached XP level 3. HP: 4/15 MP: 0/7
  1681 | D:2      | Reached skill level 1 in Fighting
  1694 | D:2      | Found a faded altar of an unknown god.
  1720 | D:2      | Noticed Sigmund
  1737 | D:2      | Killed Sigmund
  1738 | D:2      | Reached skill level 3 in Spellcasting
  1738 | D:2      | Reached XP level 4. HP: 15/19 MP: 1/10
  1738 | D:2      | Reached XP level 5. HP: 17/22 MP: 1/11
  1975 | D:2      | Found Loemaoch's General Store.
  2009 | D:2      | Bought a scroll of identify for 20 gold pieces
  2221 | D:2      | Killed Crazy Yiuf
  2476 | D:2      | Noticed Natasha
  2486 | D:2      | Killed Natasha
  2487 | D:2      | Gained mutation: You are covered in thick fur. (AC +2)
                  | [Felid growth]
  2487 | D:2      | Reached XP level 6. HP: 12/26 MP: 6/12
  2512 | D:2      | Noticed Natasha
  2518 | D:2      | Killed Natasha
  2926 | D:3      | Found a snail-covered altar of Cheibriados.
  3116 | D:3      | Found an iron altar of Okawaru.
  3245 | D:3      | Found a transporter.
  3260 | D:3      | Found Ischif's Jewellery Shoppe.
  3273 | D:3      | Noticed Robin
  3463 | D:3      | Found a transporter.
  4026 | D:3      | Noticed a small abomination
  4118 | D:3      | Found Ischif's Jewellery Shoppe.
  4142 | D:3      | Found a transporter.
  4280 | D:3      | Found a transporter.
  4538 | D:3      | Killed Robin
  4539 | D:3      | Reached skill level 4 in Spellcasting
  4696 | D:3      | Found a snail-covered altar of Cheibriados.
  4823 | D:3      | Noticed oedwai's ghost (amateur DrWn)
  4984 | D:4      | Found a stormy altar of Qazlal.
  4985 | D:4      | Noticed an air elemental
  4987 | D:4      | Noticed a fire elemental
  4987 | D:4      | Noticed a water elemental
  5123 | D:4      | Identified a scroll of acquirement
  5339 | D:4      | Reached XP level 7. HP: 20/30 MP: 14/14
  5666 | D:4      | Reached skill level 5 in Air Magic
  5863 | D:4      | Acquired Xuorom's Compendium of Evil Rituals
  5870 | D:4      | Learned a level 4 spell: Airstrike
  5873 | D:4      | Learned a level 2 spell: Sublimation of Blood
  5912 | D:5      | Entered Level 5 of the Dungeon
  5997 | D:5      | Found a shadowy altar of Dithmenos.
  6053 | D:5      | Found a blossoming altar of Fedhas.
  6068 | D:5      | Reached skill level 5 in Spellcasting
  6121 | D:5      | Found a staircase to the Ecumenical Temple.
  6201 | D:5      | Found a bloodstained altar of Trog.
  6294 | Temple   | Entered the Ecumenical Temple
  6581 | Temple   | Became a worshipper of Sif Muna the Loreminder
  6695 | D:5      | Reached XP level 8. HP: 32/34 MP: 16/16
  6729 | D:5      | Noticed Pikel
  6765 | D:5      | Killed Pikel
  6766 | D:5      | Reached skill level 6 in Spellcasting
  6766 | D:5      | Reached skill level 1 in Invocations
  7964 | D:6      | Learned a level 4 spell: Dispel Undead
  7970 | D:6      | Learned a level 5 spell: Borgnjor's Vile Clutch
  8428 | D:7      | Reached XP level 9. HP: 34/39 MP: 19/19
  8700 | D:7      | Found a radiant altar of Vehumet.
  8793 | D:7      | Found an ornate altar of the Wu Jian Council.
  8931 | D:7      | Found an ancient bone altar of Kikubaaqudgha.
  9245 | D:7      | Identified the +4 chain mail of Runukuwn {Rampage}
  9424 | D:8      | Found Pizauwy's Antique Armour Shoppe.
  9546 | D:8      | Found Duuwk's Antique Armour Emporium.
  9688 | D:8      | Found an opulent altar of Gozag.
  9728 | D:8      | Found Basadugh's Book Shop.
  9827 | D:8      | Found Lunocim's Jewellery Shoppe.
  9889 | D:8      | Reached skill level 7 in Spellcasting
  9941 | D:8      | Reached skill level 1 in Necromancy
 10024 | D:8      | Reached skill level 5 in Fighting
 10071 | D:8      | Reached * piety under Sif Muna
 10682 | D:9      | Found a sacrificial altar of Ru.
 10904 | D:9      | Found a hide-covered altar of Uskayaw.
 10935 | D:9      | Found a shimmering altar of Xom.
 11275 | D:10     | Entered Level 10 of the Dungeon
 11448 | D:10     | Noticed a troll
 11456 | D:10     | Reached XP level 10. HP: 21/44 MP: 21/22
 11615 | D:10     | Noticed a two-headed ogre
 11656 | D:10     | Killed a two-headed ogre
 11657 | D:10     | Reached skill level 8 in Spellcasting
 11696 | D:10     | Reached ** piety under Sif Muna
 12262 | D:10     | Found Rydgh's Armour Shop.
 12360 | D:10     | Reached skill level 5 in Necromancy
 12419 | D:10     | Reached skill level 1 in Earth Magic
 12623 | D:10     | Reached skill level 5 in Invocations
 12837 | D:10     | Found Rydgh's Armour Shop.
 13342 | D:11     | Found a hazy altar of Hepliaklqana.
 13343 | D:11     | Found a hazy altar of Hepliaklqana.
 13344 | D:11     | Found a sacrificial altar of Ru.
 13344 | D:11     | Found a bloodstained altar of Trog.
 13387 | D:11     | Noticed a centaur warrior
 13642 | D:11     | Noticed a deep elf pyromancer
 13645 | D:11     | Killed a deep elf pyromancer
 13669 | D:11     | Noticed an orc knight
 14080 | D:10     | Found Rydgh's Armour Shop.
 14232 | D:10     | Killed an orc knight
 14233 | D:10     | Reached skill level 9 in Spellcasting
 14233 | D:10     | Reached XP level 11. HP: 49/49 MP: 12/25
 14311 | D:11     | Reached *** piety under Sif Muna
 14316 | D:11     | Noticed a boulder beetle
 14579 | D:11     | HP: 1/49 [centaur warrior zombie (3)]
 14579 | D:11     | Slain by a centaur warrior zombie
 14580 | D:11     | Reached XP level 10. HP: 0/46 MP: 8/33
 14595 | D:11     | Noticed a five-headed hydra
 14603 | D:11     | Killed a five-headed hydra
 14719 | D:11     | Noticed an orc knight
 14775 | D:11     | Killed a boulder beetle
 14899 | D:11     | Noticed a cyclops
 14907 | D:11     | Killed a cyclops
 15062 | D:11     | Identified the amulet "Paecainu" {Acrobat Dex+5}
 15141 | D:11     | Noticed a seven-headed hydra
 15255 | D:12     | Noticed a boulder beetle
 15261 | D:12     | Slain by a boulder beetle
 15262 | D:12     | Reached XP level 9. HP: -2/43 MP: 32/32
 15262 | D:12     | Found a staircase to the Orcish Mines.
 15262 | D:12     | Quit the game

Illustrated notes

Levels and vault maps discovered:
D:1:      wander_arrival_peaceful_grave, layout_loops_ring, minmay_pentomino_z4
D:2:      layout_basic, serial_shops, shop, dreamdust_ecumenical_altar_statues,
          uniq_crazy_yiuf_cottage, uniq_natasha, uniq_sigmund
D:3:      layout_loops_ring, okawaru_trees_2, slow_altar_1, serial_shops, shop,
          gammafunk_ghost_abyssal_escape, uniq_robin
D:4:      layout_loops_cross, nicolae_qazlal_style_of_elements,
          kennysheep_flooded_box
D:5:      layout_basic, mainiacjoe_overflow_paths, fedhas_altar_3,
          mainiacjoe_overflow_alcove_4, minmay_temple_entry_wispy,
          chequers_jeans, uniq_pikel
D:6:      layout_basic, hangedman_decor_growths
D:7:      layout_loops_ring, lemuel_zombie_altar_kikubaaqudgha,
          fiery_altar_vehumet, nicolae_wu_jian_immortal_techniques
D:8:      layout_loops_ring, nicolae_gozag_seed_capital, serial_shops, shop,
          nicolae_shop_stone, shop_fountains, shop, serial_bayou_lagoon_a,
          minivault_11
D:9:      layout_small_grid, nicolae_ru_great_annihilating_truth,
          mainiacjoe_overflow_catwalk_spiral
D:10:     layout_roguey [special_room_orc], serial_shops, shop
D:11:     minmay_the_grid_octo_tiled_squarecenter [minmay_the_grid_octo_teeth,
          minmay_the_grid_octo_odd_swirl, minmay_the_grid_octo_fat_diamond,
          minmay_the_grid_octo_shrine,
          minmay_the_grid_square_5x5_megaprize_diamond,
          minmay_the_grid_square_5x5_three_small,
          minmay_the_grid_square_5x5_sharp_hourglass,
          minmay_the_grid_square_5x5_pentomino_r,
          minmay_the_grid_square_5x5_intrusive_squares], layout_long_grid,
          david_lair_generic, chequers_serial_rivers_small_a
D:12:     layout_roguey, minmay_orc_entry_temple_small
Temple:   compressed_dpeg_triangle_lava_temple

Skill      XL: |  1  2  3  4  5  6  7  8  9 10 |
---------------+-------------------------------+-----
Conjurations   | 1 2 3 |  3.0
Air Magic      | 3 4 5 6 7 8 |  8.8
Fighting       | 1 2 3 4 5 7 |  7.1
Spellcasting   | 3 4 5 6 7 9 |  9.6
Invocations    | 2 4 5 |  5.9
Necromancy     | 3 7 |  7.1
Earth Magic    | 3 |  3.0
Dodging        | |  2.6
Stealth        | |  2.6

Action                   |  1- 3 |  4- 6 |  7- 9 | 10-12 || total
-------------------------+-------+-------+-------+-------++-------
Melee: Unarmed           |     1 |    13 |     1 |       ||    15
 Cast: Shock             |    57 |   146 |   196 |     3 ||   402
       Airstrike         |       |       |    74 |   180 ||   254
       Dispel Undead     |       |       |       |     5 ||     5
Evoke: Wand              |       |       |       |    17 ||    17
  Use: Potion            |     2 |       |       |     2 ||     4
       Scroll            |       |     5 |     6 |     2 ||    13
 Stab: Sleeping          |       |       |     1 |       ||     1
Armor: Skin              |       |     3 |     5 |     6 ||    14
Dodge: Dodged            |     5 |    33 |    91 |    40 ||   169

Table legend: (Time is in decaauts)
 A = Elapsed time spent in this place.
 B = Non-inter-level travel time spent in this place.
 C = Inter-level travel time spent in this place.
 D = Time resting spent in this place.
 E = Time spent auto-exploring this place.
 F = Levels seen in this place.
 G = Mean time per level.
                   A        B        C        D        E       F      G
               +--------+--------+--------+--------+--------+-----+--------+
         Total |  13488 |  13093 |    395 |    751 |  10576 |  13 | 1037.5 |
       Dungeon |  13243 |  12878 |    365 |    751 |  10370 |  12 | 1103.6 |
        Temple |    245 |    215 |     30 |      0 |    206 |   1 |  245.0 |
               +--------+--------+--------+--------+--------+-----+--------+

Top non-repeatable levels by time:
    D:10: 2272 daAuts
     D:3: 1830 daAuts
     D:2: 1574 daAuts
     D:9: 1147 daAuts
     D:8: 965 daAuts
     D:5: 945 daAuts
     D:4: 932 daAuts
     D:1: 932 daAuts
     D:6: 901 daAuts
     D:7: 872 daAuts
    D:11: 759 daAuts
  Temple: 245 daAuts
    D:12: 110 daAuts
